 Dungeon Crawl Stone Soup version 0.30-a0-373-gd37427bb62 (webtiles) character file.

Game seed: 10290250624132490590

319 qeuew the Covert (level 6, -2/30 HPs)
             Began as a Spriggan Brigand on Nov 24, 2022.
             Slain by an iguana (9 damage)
             ... on level 4 of the Dungeon.
             The game lasted 00:07:42 (3460 turns).

qeuew the Covert (Spriggan Brigand)                 Turns: 3460, Time: 00:07:43

Health: -2/30      AC:  3    Str:  7    XL:     6   Next: 21%
Magic:  0/7        EV: 17    Int: 12    God:
Gold:   1025       SH:  0    Dex: 19    Spells: 5/5 levels left

rFire   + . .      SeeInvis +    a - +2 dagger
rCold   . . .      Faith    .    (no shield)
rNeg    . . .      Spirit   +    b - +1 robe
rPois   .          Reflect  .    (helmet restricted)
rElec   .          Harm     .    h - scarf {shadows}
rCorr   .          Rampage  .    (gloves unavailable)
Will    +....                    (boots unavailable)
Stlth   +++++.....               f - amulet of guardian spirit
HPRegen 0.25/turn                c - ring of protection from fire
MPRegen 0.10/turn                (no ring)

@: very quick
A: very small, no large weapons, unfitting armour, see invisible, speed 3
a: no special abilities


You were on level 4 of the Dungeon.
You visited 1 branch of the dungeon, and saw 5 of its levels.

You collected 1025 gold pieces.

Inventory:

Hand Weapons
 a - a +2 dagger (weapon)
Missiles
 d - 11 poisoned darts (quivered)
 e - 3 curare-tipped darts
Armour
 b - a +1 robe (worn)
 h - a scarf of shadows (worn)
Jewellery
 c - a ring of protection from fire (left hand)
 f - an amulet of guardian spirit (around neck)
Scrolls
 g - 3 scrolls of fear
 l - a scroll of butterflies
 n - a scroll of teleportation
Potions
 i - a potion of curing
 j - a potion of berserk rage


   Skills:
 - Level 1.5 Fighting
 - Level 2.5 Short Blades
 - Level 2.2 Throwing
 - Level 2.0 Dodging
 * Level 11.0 Stealth


You had 5 spell levels left.
You didn't know any spells.
Your spell library contained the following spells:

 Spells                   Type           Power      Damage    Failure   Level
 Summon Small Mammal      Summ           0%         N/A       32%         1
 Call Canine Familiar     Summ           0%         N/A       69%         3
 Summon Guardian Golem    Hex/Summ       0%         N/A       69%         3


Dungeon Overview and Level Annotations

Branches:
Dungeon (5/15)
 Temple: D:4-7

Altars:

Shops:
D:1 :   D:3 [

Annotations:
D:5 Eustachio


Innate Abilities, Weirdness & Mutations

You are very small and have problems with some larger weapons.
You are too small for most types of armour.
You have supernaturally acute eyesight. (SInv)
You cover ground extremely quickly. (Speed+++)


Message History

Throw: 16 darts (poison)
Press: ? - help, Q - select action, (/) - cycle Shift-Dir - straight line, f/p - howler monkey
Aim: a howler monkey (moderately wounded, 58% to hit)
You throw a poisoned dart.
The poisoned dart barely misses the howler monkey.
The howler monkey hoots and howls with incredible vigour!
The iguana closely misses you. The howler monkey closely misses you.
Throw: 15 darts (poison)
Press: ? - help, Q - select action, (/) - cycle Shift-Dir - straight line, f/p - howler monkey
Aim: a howler monkey (moderately wounded, 58% to hit)
You throw a poisoned dart.
The poisoned dart barely misses the howler monkey.
The iguana bites you but does no damage.
The howler monkey closely misses you.
Throw: 14 darts (poison)
Press: ? - help, Q - select action, (/) - cycle Shift-Dir - straight line, f/p - howler monkey
Aim: a howler monkey (moderately wounded, 58% to hit)
You throw a poisoned dart.
The poisoned dart hits the howler monkey.
The howler monkey is moderately wounded.
The iguana misses you.
Throw: 13 darts (poison)
Press: ? - help, Q - select action, (/) - cycle Shift-Dir - straight line, f/p - howler monkey
Aim: a howler monkey (moderately wounded, 58% to hit)
You throw a poisoned dart.
The poisoned dart hits the howler monkey.
The howler monkey is moderately wounded.
The howler monkey hoots and howls with incredible vigour!
The iguana bites you! The howler monkey barely misses you.
Throw: 12 darts (poison)
Press: ? - help, Q - select action, (/) - cycle Shift-Dir - straight line, f/p - howler monkey
Aim: a howler monkey (moderately wounded, catching its breath, 58% to hit)
You throw a poisoned dart.
The poisoned dart hits the howler monkey.
The howler monkey is poisoned.
The howler monkey is moderately wounded.
The howler monkey hits you.
* * * LOW HITPOINT WARNING * * *
The iguana bites you!
You die...

..# #..........###.###.###.....##
..###..........##.......#..##.^.#
...###.........#........#.###.#..
..........)...............###.#.#
.............##..................
....##.......##...............#.#
..#####.......(.......<.........#
?.# #........h............#...#
.## #####....†@.(.............[
## #..###.l..............< ####
#.........†..##...
#....>.......###..
#..##........#....
#####....##.###... ######### #...
##.# ###


You could see a howler monkey (poisoned) and an iguana.

Vanquished Creatures
  A black bear (D:4)
  A scorpion (D:4)
  An orc wizard (D:3)
  An iguana (D:4)
  3 adders (D:3)
  A shadow imp (D:3)
  2 worms
  2 dart slugs
  7 orcs
  3 bats
  4 endoplasms
  2 giant cockroaches
  6 goblins
  9 hobgoblins
  5 quokkas
  8 ball pythons
  8 frilled lizards
  4 kobolds
  9 rats
77 creatures vanquished.

Notes
Turn   | Place    | Note
-------+----------+-------------------------------------------
     0 | D:1      | qeuew the Spriggan Brigand began the quest for the Orb.
     0 | D:1      | Reached XP level 1. HP: 10/10 MP: 2/2
   203 | D:1      | Reached skill level 6 in Stealth
   250 | D:1      | Found Dofosac's Book Boutique.
   385 | D:1      | Reached XP level 2. HP: 5/14 MP: 3/3
  1044 | D:1      | Identified a scroll of acquirement
  1044 | D:1      | Acquired 758 gold pieces
  1425 | D:2      | Reached XP level 3. HP: 10/18 MP: 1/4
  1924 | D:3      | Reached skill level 7 in Stealth
  2198 | D:3      | Reached XP level 4. HP: 22/22 MP: 5/5
  2212 | D:3      | Reached skill level 8 in Stealth
  2311 | D:3      | Found Fyojazos's Antique Armour Shop.
  2685 | D:3      | Reached skill level 9 in Stealth
  2892 | D:4      | Noticed a black bear
  2895 | D:4      | Killed a black bear
  2896 | D:4      | Reached skill level 10 in Stealth
  2896 | D:4      | Reached XP level 5. HP: 25/25 MP: 6/6
  3275 | D:4      | Reached skill level 11 in Stealth
  3275 | D:4      | Reached XP level 6. HP: 24/30 MP: 4/7
  3345 | D:5      | Entered Level 5 of the Dungeon
  3361 | D:5      | Noticed Eustachio
  3460 | D:4      | Slain by an iguana

Illustrated notes

Levels and vault maps discovered:
D:1:      dpeg_arrival_refuge, layout_basic, serial_shops, shop,
          minmay_misc_feat_more_columns, kennysheep_doodads, chequers_avenue
D:2:      layout_basic, grunt_ministairs_1
D:3:      layout_basic, serial_shops, nicolae_shop_overgrown_old_shop
D:4:      layout_cave_pools
D:5:      layout_loops_cross, mainiacjoe_overflow_six_doors_small,
          mainiacjoe_overflow_alcove_4, makhleb_altar_promises_db,
          minmay_temple_entry_gardened_gates, cheibrodos_sewer_entry_drain,
          uniq_eustachio, uniq_ijyb

Skill      XL: |  1  2  3  4  5 |
---------------+----------------+-----
Stealth        | 6 7 10 11 | 11.0
Dodging        | 2 |  2.0
Fighting       | |  1.5
Short Blades   | |  2.5
Throwing       | |  2.2

Action                   |  1- 3 |  4- 6 || total
-------------------------+-------+-------++-------
Melee: Dagger            |   153 |   105 ||   258
       Punch             |     1 |       ||     1
Throw: Dart              |    10 |    18 ||    28
  Use: Scroll            |     6 |     4 ||    10
       Potion            |     5 |     2 ||     7
 Stab: Sleeping          |    16 |    11 ||    27
       Distracted        |       |     1 ||     1
Armor: Robe              |    26 |    21 ||    47
Dodge: Dodged            |   106 |    90 ||   196

Table legend: (Time is in decaauts)
 A = Elapsed time spent in this place.
 B = Non-inter-level travel time spent in this place.
 C = Inter-level travel time spent in this place.
 D = Time resting spent in this place.
 E = Time spent auto-exploring this place.
 F = Levels seen in this place.
 G = Mean time per level.
                   A        B        C        D        E       F      G
               +--------+--------+--------+--------+--------+-----+--------+
         Total |   2422 |   2344 |     78 |    155 |   1620 |   5 |  484.4 |
       Dungeon |   2422 |   2344 |     78 |    155 |   1620 |   5 |  484.4 |
               +--------+--------+--------+--------+--------+-----+--------+

Top non-repeatable levels by time:
     D:1: 685 daAuts
     D:2: 671 daAuts
     D:3: 620 daAuts
     D:4: 426 daAuts
     D:5: 18 daAuts
